 Dungeon Crawl Stone Soup version 0.30-a0-358-g0d69a1922f (webtiles) character file.

Game seed: 4841926716785874318

429 p00ps00p the Trooper (level 6, 0/56 HPs)
             Began as a Hill Orc Fighter on Nov 8, 2022.
             Slain by an ogre
             ... wielding a +0 giant club
              (12 damage)
             ... on level 5 of the Dungeon.
             The game lasted 00:07:02 (3823 turns).

p00ps00p the Trooper (Hill Orc Fighter)             Turns: 3823, Time: 00:07:03

Health: 0/56       AC:  9    Str: 21    XL:     6   Next: 98%
Magic:  6/6        EV:  9    Int: 14    God:
Gold:   207        SH:  5    Dex: 10    Spells: 5/5 levels left

rFire   + . .      SeeInvis .    a - +0 war axe
rCold   . . .      Faith    .    c - +0 buckler
rNeg    . . .      Spirit   .    b - +0 scale mail
rPois   .          Reflect  .    q - +0 helmet
rElec   .          Harm     .    e - +0 cloak
rCorr   .          Rampage  .    (no gloves)
Will    .....                    (no boots)
Stlth   ..........               (no amulet)
HPRegen 0.29/turn                o - +6 ring of intelligence
MPRegen 0.10/turn                t - ring of protection from fire

@: mighty
A: no striking features
a: no special abilities


You were on level 5 of the Dungeon.
You visited 1 branch of the dungeon, and saw 5 of its levels.

You collected 207 gold pieces.

Inventory:

Hand Weapons
 a - a +0 war axe (weapon)
 p - the +7 arbalest of Lairenown {drain, rPois rF+ Stlth+}
   (You found it on level 2 of the Dungeon)

   A truly terrible weapon, it drains the life of any living foe it strikes.
   rF:        It protects you from fire.
   rPois:     It protects you from poison.
   Stlth:     It makes you more stealthy.
Missiles
 k - 8 atropa-tipped darts (quivered)
 w - 6 poisoned darts
Armour
 b - a +0 scale mail (worn)
 c - a +0 buckler (worn)
 e - a +0 cloak (worn)
 q - a +0 helmet (worn)
Jewellery
 o - a +6 ring of intelligence (left hand)
 t - a ring of protection from fire (right hand)
Scrolls
 f - 4 scrolls of butterflies {unknown}
 g - a scroll of brand weapon {unknown}
 i - a scroll of enchant armour {unknown}
 j - a scroll of enchant weapon {unknown}
 m - a scroll of identify {unknown}
 n - 5 scrolls of teleportation {unknown}
 u - a scroll of immolation {unknown}
 x - a scroll of torment {unknown}
Potions
 h - a potion of brilliance {unknown}
 l - a potion of attraction {unknown}
 r - a potion of degeneration {unknown}
 s - a potion of haste {unknown}
 z - a potion of flight {unknown}


   Skills:
 + Level 5.5 Fighting
 + Level 5.2 Axes
 + Level 5.0 Armour
 + Level 5.0 Shields


You had 5 spell levels left.
You didn't know any spells.
Your spell library contained the following spells:

 Spells                   Type           Power      Damage    Failure   Level
 Sandblast                Erth           0%         2d4       67%         1
 Passwall                 Tmut/Erth      0%         N/A       82%         2
 Stone Arrow              Conj/Erth      0%         3d7       96%         3
 Summon Lightning Spire   Summ/Air       0%         N/A       100%        4
 Storm Form               Tmut/Air       0%         N/A       100%        7
 Maxwell's Capacitive Co  Air            0%         ∞         100%        8


Dungeon Overview and Level Annotations

Branches:
Dungeon (5/15)             Temple (0/1) D:4

Altars:


Message History

Found 18 gold pieces.
There is a stone staircase leading up here.
HP restored.
You now have 207 gold pieces (gained 18).
You open the door.
There is an open door here.
You open the door.
There is an open door here.
An iguana comes into view.
The iguana hisses angrily.
An iguana is nearby!
An ogre comes into view. It is wielding a +0 giant club.
The ogre shouts!
Found 7 stones.
You see here a scroll labelled KYBOOT NUNOETH.
The iguana bites you. The ogre barely misses you.
You barely miss the ogre. You hit the iguana but do no damage.
The iguana bites you!
You hit the ogre but do no damage. You barely miss the iguana.
The ogre hits you with a +0 giant club!!
The iguana barely misses you.
You slash the ogre!
The ogre is heavily wounded.
You barely miss the iguana. The iguana closely misses you. The ogre misses you.
You hit the ogre.
The ogre is heavily wounded.
You hit the iguana. You block the iguana's attack.
The ogre hits you with a +0 giant club!
* * * LOW HITPOINT WARNING * * *
The iguana bites you.
* * * LOW HITPOINT WARNING * * *
You feel better. The iguana barely misses you.
The ogre hits you with a +0 giant club!
* * * LOW HITPOINT WARNING * * *
You feel very mighty all of a sudden. You block the iguana's attack.
You slash the ogre!
The ogre is almost dead.
You slash the iguana! The ogre hits you with a +0 giant club!
You die...

##.### ...#
....###...# ##.
#.........#
#... .........#
#...##.......(#
.....#.....'#
.....#.O..!'###
#.....@......#
#....l.......#
#....#
#.....?......#
#....#
#............#
#....#
#............#
#....#
#............#
#....#
#####'########
#....# #.#
##....#######.#


You could see an ogre and an iguana.

Vanquished Creatures
  An ogre (D:4)
  A necrophage (D:4)
  An orc priest (D:3)
  2 orc wizards
  4 gnolls (D:4)
  5 adders
  2 worms (D:2)
  12 orcs
  11 ball pythons
  7 bats
  8 endoplasms
  5 giant cockroaches
  9 goblins
  8 hobgoblins
  3 jackals (D:2)
  4 frilled lizards
  9 kobolds
  7 rats
99 creatures vanquished.

Notes
Turn   | Place    | Note
-------+----------+-------------------------------------------
     0 | D:1      | p00ps00p the Hill Orc Fighter began the quest for the Orb.
     0 | D:1      | Reached XP level 1. HP: 19/19 MP: 1/1
   168 | D:1      | Reached XP level 2. HP: 27/27 MP: 2/2
   538 | D:1      | Found a faded altar of an unknown god.
   678 | D:1      | Reached XP level 3. HP: 33/33 MP: 3/3
   936 | D:2      | Identified the +7 arbalest of Lairenown {drain, rPois rF+
                  | Stlth+}
  1265 | D:2      | Reached XP level 4. HP: 39/40 MP: 4/4
  1807 | D:3      | Reached XP level 5. HP: 25/47 MP: 5/5
  2884 | D:4      | Reached skill level 5 in Fighting
  2884 | D:4      | Reached XP level 6. HP: 46/56 MP: 6/6
  3747 | D:4      | Found a staircase to the Ecumenical Temple.
  3759 | D:4      | Reached skill level 5 in Axes
  3759 | D:4      | Reached skill level 5 in Armour
  3759 | D:4      | Reached skill level 5 in Shields
  3778 | D:5      | Entered Level 5 of the Dungeon
  3823 | D:5      | Slain by an ogre

Illustrated notes

Levels and vault maps discovered:
D:1:      zaba_arrival_water, layout_basic, basic_ecumenical_altar
D:2:      layout_rooms, grunt_decor_one_mirror
D:3:      layout_basic
D:4:      minmay_recursive_quarters, layout_cave_pods,
          grunt_temple_overflow_open, lemuel_crystal_altar,
          mainiacjoe_overflow_boulevard, minmay_temple_entry_glass, serial_park,
          serial_park_tiny_pond, serial_park_square3
          [serial_park_minivault_5x5_8], serial_park_square1
          [serial_park_minivault_5x5_7], serial_park_tiny_1,
          wad_floor_pattern_2, minmay_misc_feat_rows
D:5:      layout_basic, nicolae_ashenzari_panopticon, jmf_multi_god_temple2,
          st_stairs_7, minmay_a_box_with_orc_wizards_in_it, uniq_ijyb

Skill      XL: |  1  2  3  4  5  6 |
---------------+-------------------+-----
Axes           | 3 4 5 |  5.2
Fighting       | 4 5 |  5.5
Shields        | 4 5 |  5.0
Armour         | 4 5 |  5.0

Action                   |  1- 3 |  4- 6 || total
-------------------------+-------+-------++-------
Melee: War axe           |    77 |   182 ||   259
Throw: Dart              |     1 |       ||     1
  Use: Potion            |       |     5 ||     5
 Stab: Invisible         |     1 |       ||     1
Armor: Scale mail        |    63 |   127 ||   190
Dodge: Dodged            |    48 |   104 ||   152
Block: Buckler           |    21 |    46 ||    67

Table legend: (Time is in decaauts)
 A = Elapsed time spent in this place.
 B = Non-inter-level travel time spent in this place.
 C = Inter-level travel time spent in this place.
 D = Time resting spent in this place.
 E = Time spent auto-exploring this place.
 F = Levels seen in this place.
 G = Mean time per level.
                   A        B        C        D        E       F      G
               +--------+--------+--------+--------+--------+-----+--------+
         Total |   3915 |   3819 |     96 |    888 |   2098 |   5 |  783.0 |
       Dungeon |   3915 |   3819 |     96 |    888 |   2098 |   5 |  783.0 |
               +--------+--------+--------+--------+--------+-----+--------+

Top non-repeatable levels by time:
     D:3: 1283 daAuts
     D:1: 932 daAuts
     D:4: 928 daAuts
     D:2: 725 daAuts
     D:5: 46 daAuts
